 Dungeon Crawl Stone Soup version 0.28.0-43-g3370ac3207 (webtiles) character file.

Game seed: 3451071288282487279

100 themarg the Thrower (level 4, -4/34 HPs)
             Began as a Gnoll Wanderer on Feb 28, 2022.
             Slain by Terence
             ... wielding a +0 mace
              (14 damage)
             ... on level 3 of the Dungeon.
             The game lasted 00:05:55 (1952 turns).

themarg the Thrower (Gnoll Wanderer)                Turns: 1952, Time: 00:05:55

Health: -4/34      AC:  3    Str: 13    XL:     4   Next: 73%
Magic:  5/5        EV: 11    Int:  9    God:
Gold:   80         SH:  0    Dex: 14    Spells: 5/5 levels left

rFire   . . .      SeeInvis .   a - +2 spear
rCold   . . .      Faith    .   (no shield)
rNeg    + . .      Spirit   .   e - +0 leather armour
rPois   .          Reflect  .   (no helmet)
rElec   .          Harm     .   (no cloak)
rCorr   .          Rampage  .   (no gloves)
Will    .....                   (no boots)
Stlth   +.........              (no amulet)
HPRegen 0.11/turn               h - ring of positive energy
MPRegen 0.09/turn               (no ring)

@: no status effects
A: fangs 1, strong nose, distributed training
a: no special abilities


You were on level 3 of the Dungeon.
You visited 1 branch of the dungeon, and saw 3 of its levels.

You collected 80 gold pieces.

Inventory:

Hand Weapons
 a - a +2 spear (weapon)
 b - a +0 falchion
 d - a +0 dagger
Missiles
 c - 16 poisoned darts (quivered)
Armour
 e - a +0 leather armour (worn)
 f - a +0 chain mail
Jewellery
 h - a ring of positive energy (left hand)
 k - a ring of poison resistance
Scrolls
 i - 2 scrolls of immolation
 l - a scroll of teleportation {unknown}
 m - a scroll of identify {unknown}
Potions
 g - a potion of degeneration {unknown}
 j - a potion of attraction {unknown}


   Skills:
 + Level 2.8 Fighting
 + Level 1.2 Short Blades
 + Level 4.7 Long Blades
 + Level 1.2 Axes
 + Level 1.2 Maces & Flails
 + Level 6.6 Polearms
 + Level 1.2 Staves
 + Level 1.2 Slings
 + Level 1.2 Bows
 + Level 1.2 Crossbows
 + Level 8.6 Throwing
 + Level 1.2 Armour
 + Level 1.2 Dodging
 + Level 1.2 Stealth
 + Level 1.2 Shields
 + Level 1.2 Unarmed Combat
 + Level 1.2 Spellcasting
 + Level 1.0 Conjurations
 + Level 1.0 Hexes
 + Level 1.0 Summonings
 + Level 1.0 Necromancy
 + Level 1.0 Translocations
 + Level 1.0 Transmutations
 + Level 1.0 Fire Magic
 + Level 1.0 Ice Magic
 + Level 1.0 Air Magic
 + Level 1.0 Earth Magic
 + Level 1.0 Poison Magic
 + Level 1.3 Invocations
 + Level 1.2 Evocations


You had 5 spell levels left.
You didn't know any spells.
Your spell library was empty.

Dungeon Overview and Level Annotations

Branches:
Dungeon (3/15)

Altars:

Shops:
D:3 (

Annotations:
D:3 Terence


Innate Abilities, Weirdness & Mutations

You have very sharp teeth.
Your uncanny sense of smell can sniff out nearby items.
Your experience applies equally to all skills.


Message History

You hit Terence but do no damage.
Terence is heavily wounded.
A hobgoblin comes into view.
Terence barely misses you.
You barely miss Terence.
The hobgoblin shouts!
You bite Terence, but do no damage.
Terence is heavily wounded.
Terence hits you with a +0 mace.
You closely miss Terence.
Terence is heavily wounded.
You barely miss Terence. Your bite misses Terence.
Terence is heavily wounded.
Terence hits you but does no damage.
You hit Terence.
Terence is severely wounded.
Terence closely misses you.
You hit Terence.
Terence is severely wounded.
A rat comes into view.
Terence drinks a potion.
Terence goes berserk!
You barely miss Terence.
Terence is severely wounded.
Terence misses you.
You hit Terence but do no damage.
Terence is severely wounded.
Terence hits you with a +0 mace.
You barely miss Terence.
Terence is severely wounded.
Terence hits you with a +0 mace!
* * * LOW HITPOINT WARNING * * *
The hobgoblin closely misses you.
You hit Terence. You bite Terence, but do no damage.
Terence is severely wounded.
Terence barely misses you. The hobgoblin misses you.
You hit Terence.
Terence is almost dead.
Terence barely misses you. The hobgoblin barely misses you.
Terence hits you with a +0 mace!
You die...

.............##
...............#
...............#
................
................
.........∩.....#
#........g.....#
#......@@.r...#
######.####..?.
#.# # #.# #.#
#.# #.# #.# ∆
#.##


You could see Terence (berserk), a hobgoblin and a rat.

Vanquished Creatures
  5 adders (D:2)
  A worm (D:2)
  2 dart slugs
  4 bats (D:1)
  4 endoplasms (D:1)
  4 giant cockroaches (D:1)
  5 goblins
  2 hobgoblins (D:2)
  2 jackals (D:2)
  3 kobolds
  3 quokkas
  3 ball pythons
  8 frilled lizards
  2 rats
48 creatures vanquished.

Notes
Turn   | Place    | Note
-------+----------+-------------------------------------------
     0 | D:1      | themarg the Gnoll Wanderer began the quest for the Orb.
     0 | D:1      | themarg set off with the following items: a +2 spear, a +0
                  | falchion, 12 poisoned darts, a +0 dagger, a +0 leather
                  | armour
     0 | D:1      | Reached XP level 1. HP: 17/17 MP: 1/1
   254 | D:1      | Reached XP level 2. HP: 23/23 MP: 2/2
   610 | D:1      | Reached XP level 3. HP: 28/28 MP: 3/3
   633 | D:1      | Found a faded altar of an unknown god.
   935 | D:2      | Reached skill level 1 in Invocations
   941 | D:2      | Reached skill level 1 in Short Blades
   941 | D:2      | Reached skill level 1 in Axes
   941 | D:2      | Reached skill level 1 in Maces & Flails
   941 | D:2      | Reached skill level 1 in Staves
   941 | D:2      | Reached skill level 1 in Slings
   941 | D:2      | Reached skill level 1 in Bows
   941 | D:2      | Reached skill level 1 in Crossbows
   941 | D:2      | Reached skill level 1 in Armour
   941 | D:2      | Reached skill level 1 in Dodging
   941 | D:2      | Reached skill level 1 in Stealth
   941 | D:2      | Reached skill level 1 in Shields
   941 | D:2      | Reached skill level 1 in Unarmed Combat
   941 | D:2      | Reached skill level 1 in Spellcasting
   941 | D:2      | Reached skill level 1 in Evocations
  1349 | D:2      | Reached XP level 4. HP: 34/34 MP: 5/5
  1521 | D:2      | Reached skill level 1 in Conjurations
  1521 | D:2      | Reached skill level 1 in Hexes
  1521 | D:2      | Reached skill level 1 in Summonings
  1521 | D:2      | Reached skill level 1 in Necromancy
  1521 | D:2      | Reached skill level 1 in Translocations
  1521 | D:2      | Reached skill level 1 in Transmutations
  1521 | D:2      | Reached skill level 1 in Fire Magic
  1521 | D:2      | Reached skill level 1 in Ice Magic
  1521 | D:2      | Reached skill level 1 in Air Magic
  1521 | D:2      | Reached skill level 1 in Earth Magic
  1521 | D:2      | Reached skill level 1 in Poison Magic
  1932 | D:3      | Found Nadghu's Antique Weapon Shop.
  1934 | D:3      | Noticed Terence
  1952 | D:3      | Slain by Terence

Illustrated notes

Levels and vault maps discovered:
D:1:      dpeg_arrival_solitude, layout_basic, hellmonk_ecumenical_altar_blasted
D:2:      wander_river, layout_rooms, dk_noncrumbling_3, minmay_lizard_pond
D:3:      layout_rooms, serial_shops, shop, shop, shop, glass_columns_a,
          kennysheep_nub, kennysheep_cluttered_room, uniq_terence

Skill      XL: |  1  2  3  4 |
---------------+-------------+-----
Invocations    | 1 |  1.3
Short Blades   | 1 |  1.2
Axes           | 1 |  1.2
Maces & Flails | 1 |  1.2
Staves         | 1 |  1.2
Slings         | 1 |  1.2
Bows           | 1 |  1.2
Crossbows      | 1 |  1.2
Armour         | 1 |  1.2
Dodging        | 1 |  1.2
Stealth        | 1 |  1.2
Shields        | 1 |  1.2
Unarmed Combat | 1 |  1.2
Spellcasting   | 1 |  1.2
Evocations     | 1 |  1.2
Conjurations   | 1 |  1.0
Hexes          | 1 |  1.0
Summonings     | 1 |  1.0
Necromancy     | 1 |  1.0
Translocations | 1 |  1.0
Transmutations | 1 |  1.0
Fire Magic     | 1 |  1.0
Ice Magic      | 1 |  1.0
Air Magic      | 1 |  1.0
Earth Magic    | 1 |  1.0
Poison Magic   | 1 |  1.0
Fighting       | |  2.8
Long Blades    | |  4.7
Polearms       | |  6.6
Throwing       | |  8.6

Action                   |  1- 3 |  4- 6 || total
-------------------------+-------+-------++-------
Melee: Spear             |    81 |    77 ||   158
       Bite              |     6 |     7 ||    13
       Punch             |     3 |     2 ||     5
Throw: Dart              |       |     1 ||     1
 Stab: Sleeping          |     3 |     1 ||     4
Armor: Leather armour    |    12 |     8 ||    20
Dodge: Dodged            |    30 |    28 ||    58
